 Dungeon Crawl Stone Soup version 0.25-a0-942-g87a53962fc (webtiles) character file.

Game seed: 8555464673662045555, levelgen mode: deterministic

380 Samae the Digger (level 6, 0/32 HPs)
             Began as a Gargoyle Earth Elementalist on May 6, 2020.
             Was an Initiate of Vehumet.
             Killed from afar by an orc wizard (11 damage)
             ... with a puff of flame
             ... on level 3 of the Dungeon.
             The game lasted 00:06:59 (3812 turns).

Samae the Digger (Gargoyle Earth Elementalist)      Turns: 3812, Time: 00:06:59

Health: 0/32       AC:  7    Str: 11    XL:     6   Next: 75%
Magic:  5/12       EV: 12    Int: 18    God:    Vehumet [......]
Gold:   188        SH:  0    Dex: 10    Spells: 4/13 levels left

rFire    . . .     SeeInvis .   q - +2 dagger (venom)
rCold    . . .     Gourm    .   (no shield)
rNeg     + . .     Faith    .   c - +1 robe
rPois    ∞         Spirit   .   (no helmet)
rElec    +         Reflect  .   (no cloak)
rCorr    .         Harm     .   (no gloves)
MR       .....                  (no boots)
Stlth    ++........             (no amulet)
HPRegen  0.10/turn              (no ring)
MPRegen  0.13/turn              (no ring)

@: no status effects
A: negative energy resistance 1, electricity resistance, unbreathing,
petrification resistance, rot immunity, AC +4
a: Renounce Religion


You were on level 3 of the Dungeon.
You worshipped Vehumet.
Vehumet was noncommittal.
You were not hungry.

You visited 1 branch of the dungeon, and saw 3 of its levels.

You collected 188 gold pieces.

Inventory:

Hand Weapons
 f - a +0 flail
 q - a +2 dagger of venom (weapon)
Missiles
 b - 68 stones (quivered)
Armour
 c - a +1 robe (worn)
Wands
 l - a wand of polymorph (6)
Scrolls
 j - 2 scrolls of remove curse
 k - a scroll of fear
 m - a scroll of teleportation
 n - a scroll of amnesia
 o - a scroll of blinking
Potions
 e - a potion of magic {unknown}
 h - a potion of flight
 i - a potion of haste {unknown}
Comestibles
 a - 7 chunks of flesh
 d - 2 rations


   Skills:
 - Level 1.5 Dodging
 - Level 2.1 Stealth
 + Level 4.2 Spellcasting
 * Level 3.2 Conjurations
   Level 0.7 Transmutations
 + Level 6.1 Earth Magic


You had 4 spell levels left.
You knew the following spells:

 Your Spells              Type           Power        Failure   Level  Hunger
a - Sandblast             Erth           ####..       1%          1    None
b - Stone Arrow           Conj/Erth      ###...       6%          3    ###....
c - Lee's Rapid Deconstr  Erth           ####......   32%         5    ######.

Your spell library contained the following spells:

 Spells                   Type           Power        Failure   Level  Hunger
 Passwall                 Tmut/Erth      ###.....     5%          2    ##.....
 Petrify                  Tmut/Erth      ###.....     34%         4    ####...


Dungeon Overview and Level Annotations

Branches:
Dungeon (3/15)

Altars:
Ashenzari
Elyvilon
Gozag
Kikubaaqudgha
Ru
Vehumet
Yredelemnul


Innate Abilities, Weirdness & Mutations

You are resistant to torment.
Your stone body is resilient. (AC +4)
You are immune to poison.
You resist negative energy. (rN+)
You are resistant to electric shocks. (rElec)
You can survive without breathing.
You are immune to petrification.
You are immune to rotting.


Message History

Press: ? - help, Shift-Dir - straight line The blast of sand hits something.
b - 70 stones Something hits you but does no damage.
Casting: Sandblast (safe; 1% risk of failure)
Confirm with . or Enter, or press ? or * to list all spells.
Aiming: Sandblast (safe; 1% risk of failure)
Press: ? - help, Shift-Dir - straight line
b - 69 stones You hear some strange, mumbled words.
Casting: Sandblast (safe; 1% risk of failure)
Confirm with . or Enter, or press ? or * to list all spells.
Aiming: Sandblast (safe; 1% risk of failure)
Press: ? - help, Shift-Dir - straight line The blast of sand hits something.
b - 68 stones You hear some strange, mumbled words.
A puff of flame appears from out of thin air!
The puff of flame hits you!
You die...

#####...###.# #...#####.#......#.
##..# #.# #...# .#......#.
######..# #.# #...# ### #......'.
........###.# #...# .. #......##
#######..##.# #.####......##
#......#.##.# ....##......'.
#......#.##.# ..#.##......##
#......#..#.#######.....#......#
#.....)##.#.#...@{).....#......#
#......##.#.#.#####.)...########
.......##.#.#.# .....#
......))......# ######
.......##...##### #############
#......###......# #...........#
#......# #...##.#####.#...÷.....#
#......####>...<......#.........#
#.............######..#.........#


There were no monsters in sight!

Vanquished Creatures
  Sigmund (D:3)
  2 orc wizards
  Jessica (D:2)
  A worker ant (D:2)
  An adder (D:3)
  2 oozes
  5 worms (D:2)
  2 dart slugs (D:1)
  13 orcs (D:3)
  3 bats
  5 giant cockroaches
  8 goblins
  2 hobgoblins
  4 jackals (D:1)
  A quokka (D:2)
  A ball python (D:3)
  7 frilled lizards
  9 kobolds
  A quokka skeleton (D:2)
  7 rats
76 creatures vanquished.

Notes
Turn   | Place    | Note
-------+----------+-------------------------------------------
     0 | D:1      | Samae the Gargoyle Earth Elementalist began the quest for
                  | the Orb.
     0 | D:1      | Reached XP level 1. HP: 10/10 MP: 3/3
   189 | D:1      | Reached XP level 2. HP: 8/15 MP: 0/5
   197 | D:1      | Reached skill level 4 in Earth Magic
   704 | D:1      | Reached XP level 3. HP: 19/19 MP: 6/6
   716 | D:1      | Learned a level 3 spell: Stone Arrow
  1656 | D:2      | Found a sacrificial altar of Ru.
  1677 | D:2      | Reached skill level 5 in Earth Magic
  1677 | D:2      | Reached XP level 4. HP: 16/24 MP: 3/8
  1788 | D:2      | Found an ancient bone altar of Kikubaaqudgha.
  1856 | D:2      | Noticed Jessica
  1857 | D:2      | Killed Jessica
  1969 | D:2      | Reached XP level 5. HP: 11/28 MP: 7/10
  1976 | D:2      | Learned a level 5 spell: Lee's Rapid Deconstruction
  2909 | D:2      | Found a white marble altar of Elyvilon.
  2911 | D:2      | Found an opulent altar of Gozag.
  2932 | D:2      | Found a basalt altar of Yredelemnul.
  2934 | D:2      | Found a shattered altar of Ashenzari.
  3021 | D:3      | Found a radiant altar of Vehumet.
  3030 | D:3      | Became a worshipper of Vehumet
  3102 | D:3      | Noticed Sigmund
  3112 | D:3      | Killed Sigmund
  3112 | D:3      | Reached skill level 6 in Earth Magic
  3112 | D:3      | Reached XP level 6. HP: 15/32 MP: 6/12
  3812 | D:3      | Killed from afar by an orc wizard

Levels and vault maps discovered:
D:1:      sevenhm_arrival_forest_fort_small_5, layout_loops_ring
D:2:      layout_loops_ring, nicolae_ru_great_annihilating_truth,
          nicolae_overflow_hidden_temple, kiku_gazebo_garden_becter,
          uniq_jessica
D:3:      layout_basic, fiery_altar_vehumet, uniq_sigmund

Skill      XL: |  1  2  3  4  5  6 |
---------------+-------------------+-----
Earth Magic    | 4 5 6 |  6.1
Spellcasting   | 3 4 |  4.2
Conjurations   | 2 3 |  3.2
Dodging        | |  1.5
Stealth        | |  2.1
Transmutations | |  0.7

Action                   |  1- 3 |  4- 6 || total
-------------------------+-------+-------++-------
Melee: Unarmed           |    34 |       ||    34
       Dagger            |    93 |   113 ||   206
 Cast: Sandblast         |    28 |    26 ||    54
  Use: Scroll            |     6 |     3 ||     9
       Potion            |       |     2 ||     2
 Stab: Sleeping          |     4 |     4 ||     8
  Eat: Chunk             |     3 |     7 ||    10
Armor: Robe              |    49 |    27 ||    76
       Skin              |       |     3 ||     3
Dodge: Dodged            |    91 |    60 ||   151

Table legend:
 A = Non-vault XP
 B = Vault XP
 C = Vault XP percentage of total XP
 D = Non-vault monster count
 E = Vault monster count
 F = Vault count percentage of total count
                 A         B        C        D         E       F
            +---------+---------+-------+---------+---------+-------
      Total |     233 |     311 |  57.2 |      70 |       6 |   7.9
            +---------+---------+-------+---------+---------+-------
        D:1 |      48 |       0 |   0.0 |      25 |       0 |   0.0
        D:2 |      84 |      84 |  50.0 |      20 |       5 |  20.0
        D:3 |     101 |     227 |  69.2 |      25 |       1 |   3.8
            +---------+---------+-------+---------+---------+-------
